 Dungeon Crawl Stone Soup version 0.30-b1-2-g02819fbbbe (webtiles) character file.

Game seed: 17767680891717401327

1472 Borgoz the Trooper (level 8, -1/51 HPs)
             Began as a Gargoyle Berserker on June 16, 2023.
             Was a Priest of Trog.
             Slain by a gnoll sergeant
             ... wielding a +0 spear
              (8 damage)
             ... on level 5 of the Dungeon.
             The game lasted 00:06:17 (4227 turns).

Borgoz the Trooper (Gargoyle Berserker)             Turns: 4227, Time: 00:06:18

Health: -1/51      AC: 19    Str: 20    XL:     8   Next: 78%
Magic:  8/8        EV: 10    Int:  9    God:    Trog [***...]
Gold:   242        SH:  8    Dex: 11    Spells: 7/7 levels left

rFire   . . .        a - +1 falchion
rCold   . . .        q - +0 kite shield
rNeg    + + .        s - +0 scale mail
rPois   ∞            (no helmet)
rElec   +            v - +0 cloak
rCorr   .            c - +0 pair of gloves
SInv    .            (no boots)
Will    .....        (no amulet) Stlth
                     r - +4 ring of protection
HPRegen 0.28/turn    k - ring of positive energy
MPRegen 0.11/turn

%: no passive effects
@: mighty, on berserk cooldown
A: sickness immunity, AC +5, negative energy resistance 1, electricity
resistance, torment resistance 1, petrification resistance
a: Renounce Religion, Berserk, Trog's Hand


You were on level 5 of the Dungeon.
You worshipped Trog.
Trog was most pleased with you.
You visited 1 branch of the dungeon, and saw 5 of its levels.

You collected 242 gold pieces.

Inventory:

Hand Weapons
 a - a +1 falchion (weapon)
 x - a +0 long sword
Armour
 c - a +0 pair of gloves (worn)
 q - a +0 kite shield (worn)
 s - a +0 scale mail (worn)
 v - a +0 cloak (worn)
Jewellery
 k - a ring of positive energy (right hand)
 r - a +4 ring of protection (left hand)
Wands
 f - a wand of flame (16)
Scrolls
 d - a scroll of enchant weapon
 i - a scroll of teleportation
 l - 2 scrolls of immolation {unknown}
 t - a scroll of enchant armour {unknown}
 w - a scroll of vulnerability {unknown}
Potions
 b - 2 potions of flight
 e - 2 potions of cancellation
 g - a potion of lignification {unknown}
 h - 4 potions of brilliance
 j - a potion of mutation {unknown}
 m - 2 potions of resistance {unknown}
 n - 2 potions of haste
 o - a potion of curing {unknown}
 u - a potion of magic {unknown}


   Skills:
 + Level 6.1 Fighting
 + Level 5.1 Long Blades
 + Level 5.7 Armour
 + Level 4.2 Dodging
 + Level 4.5 Shields


You had 7 spell levels left.
You didn't know any spells.
Your spell library was empty.

Dungeon Overview and Level Annotations

Branches:
Dungeon (5/15)             Temple (0/1) D:5

Altars:
Cheibriados
Dithmenos
The Shining One


Innate Abilities, Weirdness & Mutations

You are immune to sickness and miasma.
Your stone body is resilient. (AC +5)
You are immune to poison.
You resist negative energy. (rN+)
You are resistant to electric shocks. (rElec)
You are resistant to unholy torment.
You are immune to petrification.


Message History

The gnoll sergeant is moderately wounded.
The gnoll barely misses you. The gnoll hits you but does no damage.
The gnoll sergeant hits you but does no damage.
The gnoll sergeant hits you with a +0 spear.
You block the gnoll's attack. x2
You hit the gnoll sergeant.
The gnoll sergeant is moderately wounded.
You feel the effects of Trog's Hand fading.
You block the gnoll's attack.
The gnoll sergeant hits you with a +0 spear.
The gnoll barely misses you.
You closely miss the gnoll sergeant.
The gnoll sergeant is moderately wounded.
The gnoll closely misses you. The gnoll barely misses you.
You block the gnoll sergeant's attack.
The gnoll hits you from afar with a +0 halberd.
The gnoll hits you from afar with a +0 halberd!
* * * LOW HITPOINT WARNING * * *
The gnoll sergeant barely misses you.
The gnoll sergeant attacks as you move away!
You block the gnoll sergeant's attack. x2
The gnoll sergeant hits you but does no damage.
You feel yourself speed up.
Your skin stops crawling.
You feel less strong-willed. You block the gnoll sergeant's attack.
A water moccasin comes into view.
The water moccasin hisses angrily.
You feel very mighty all of a sudden. You block the gnoll sergeant's attack.
The gnoll sergeant hits you with a +0 spear!
* * * LOW HITPOINT WARNING * * *
The gnoll hits you but does no damage.
You slash the gnoll sergeant!
The gnoll sergeant is severely wounded.
The gnoll hits you but does no damage. You block the gnoll sergeant's attack.
Okay, then.
You slash the gnoll sergeant!
The gnoll sergeant is almost dead.
The gnoll sergeant hits you with a +0 spear!
You die...

............................#
............#.#.....#.#.###.#
.............<#.###.#.#.# #.#
............#.#.# #.#.#.# #.#
................# #.#.#.# #.#
............#.### #.#.... #.#
............... ..#.### #.#
..... ......########.#####.#
..... .......S@gggg.......#
##... .....########.#######
.##.. ... ...............
_.#.# . ####.#g.####### ....#
#. .g.# ...## # #...# ..##
....# ### .....# ...$.##


You could see a water moccasin, a gnoll sergeant and 3 gnolls.

Vanquished Creatures
  Sigmund (D:3)
  Menkaure (D:5)
  An ogre (D:5)
  2 phantoms
  Blork the orc (D:5)
  2 scorpions
  A howler monkey (D:4)
  A centaur zombie (D:4)
  3 bullfrog zombies (D:4)
  2 hounds (D:5)
  Crazy Yiuf (D:3)
  Natasha (thrice) (D:3)
  An iron imp (D:4)
  Ijyb (D:3)
  An iguana (D:5)
  3 scorpion zombies (D:4)
  3 hound zombies (D:4)
  3 hound skeletons (D:4)
  A gnoll (D:5)
  12 adders
  5 adder zombies (D:4)
  2 worms (D:2)
  A dart slug (D:1)
  An orc (D:3)
  2 endoplasms
  2 giant cockroaches
  7 goblins
  5 hobgoblins
  A quokka (D:4)
  5 ball pythons
  4 bats
  7 frilled lizards
  7 kobolds
  6 rats
99 creatures vanquished.

Vanquished Creatures (others)
  A withered plant (D:4)
1 creature vanquished.

Grand Total: 100 creatures vanquished

Notes
Turn   | Place    | Note
-------+----------+-------------------------------------------
     0 | D:1      | Borgoz the Gargoyle Berserker began the quest for the Orb.
     0 | D:1      | Reached XP level 1. HP: 14/14 MP: 1/1
   241 | D:1      | Reached XP level 2. HP: 8/19 MP: 2/2
   748 | D:2      | Reached XP level 3. HP: 7/23 MP: 3/3
   941 | D:2      | Reached ** piety under Trog
  1067 | D:2      | Reached XP level 4. HP: 27/29 MP: 4/4
  1402 | D:3      | Reached skill level 4 in Fighting
  1502 | D:3      | Noticed Natasha
  1518 | D:3      | Killed Natasha
  1665 | D:3      | Found a runed translucent door.
  1666 | D:3      | Noticed Crazy Yiuf
  1668 | D:3      | Identified the +2 hammer of the Living God {venom, rC-
                  | rN+++ Int+5}
  1678 | D:3      | Killed Crazy Yiuf
  1679 | D:3      | Reached XP level 5. HP: 33/33 MP: 5/5
  1685 | D:3      | Identified the +4 hammer "Impslayer" {flame, Fragile rPois
                  | Str-4 Dex+4 Stlth+}
  1818 | D:3      | Reached skill level 1 in Shields
  1888 | D:3      | Noticed Natasha
  1905 | D:3      | Killed Natasha
  1957 | D:3      | Noticed Natasha
  1971 | D:3      | Killed Natasha
  2075 | D:3      | Noticed Sigmund
  2105 | D:3      | Killed Sigmund
  2106 | D:3      | Reached XP level 6. HP: 18/39 MP: 6/6
  2218 | D:3      | Noticed Ijyb
  2234 | D:3      | Killed Ijyb
  2653 | D:4      | Reached XP level 7. HP: 37/44 MP: 7/7
  2735 | D:4      | Reached skill level 5 in Fighting
  2832 | D:4      | Identified the +8 mace "Onkab" {heavy, Will++ Str+3 SInv
                  | Stlth-}
  3410 | D:4      | Found a glowing golden altar of the Shining One.
  3453 | D:4      | Reached XP level 8. HP: 49/50 MP: 8/8
  3493 | D:4      | Reached *** piety under Trog
  3494 | D:4      | Reached skill level 5 in Armour
  3632 | D:4      | Found a snail-covered altar of Cheibriados.
  3734 | D:5      | Entered Level 5 of the Dungeon
  3734 | D:5      | Noticed Menkaure
  3743 | D:5      | Killed Menkaure
  3805 | D:5      | Found a staircase to the Ecumenical Temple.
  4061 | D:5      | Reached skill level 5 in Long Blades
  4064 | D:5      | Found a shadowy altar of Dithmenos.
  4089 | D:5      | Reached skill level 6 in Fighting
  4182 | D:5      | Noticed Blork the orc
  4195 | D:5      | Killed Blork the orc
  4227 | D:5      | Slain by a gnoll sergeant

Illustrated notes

Levels and vault maps discovered:
D:1:      onia_arrival_pentagram, layout_basic
D:2:      layout_basic, wad_floor_pattern_2, kennysheep_cross_bottleneck
D:3:      layout_loops_cross, skrybe_limestone_x, nicolae_half_adder, uniq_ijyb,
          uniq_sigmund, uniq_natasha, uniq_crazy_yiuf_cottage
D:4:      layout_loops_ring, tso_metal_star, chei_slow_surprise, serial_undead,
          serial_undead_b, serial_undead_c, serial_undead_f, serial_undead_d,
          serial_undead_c, serial_undead_f, minmay_increasing_density
D:5:      layout_basic, nicolae_dithmenos_through_a_glass_darkly, temple_pool_b,
          minmay_liquid_box, uniq_menkaure, uniq_blork_the_orc

Skill      XL: |  1  2  3  4  5  6  7  8 |
---------------+-------------------------+-----
Long Blades    | 3 4 5 |  5.1
Dodging        | 2 3 4 |  4.2
Armour         | 3 4 5 |  5.7
Fighting       | 4 5 6 |  6.1
Shields        | 2 3 4 |  4.5

Action                     |  1- 3 |  4- 6 |  7- 9 || total
---------------------------+-------+-------+-------++-------
  Melee: Falchion          |   118 |   184 |   382 ||   684
         Punch             |       |     1 |       ||     1
 Invoke: Berserk           |     1 |     5 |     1 ||     7
         Trog's Hand       |       |     1 |     1 ||     2
    Use: Scroll            |       |     7 |     2 ||     9
         Potion            |       |       |     1 ||     1
 Armour: Animal skin       |    60 |       |       ||    60
         Ring mail         |    34 |     9 |       ||    43
         Scale mail        |       |   102 |   254 ||   356
  Dodge: Dodged            |   140 |    89 |   210 ||   439
  Block: Kite shield       |       |    65 |   206 ||   271
